 Dungeon Crawl Stone Soup version 0.25-a0-1007-g10a8c3caa8 (webtiles) character file.

Game seed: 13463352316914555308, levelgen mode: deterministic

232 Flugslaktarn the Chopper (level 5, -1/47 HPs)
             Began as a Minotaur Fighter on May 11, 2020.
             Slain by a wight
             ... wielding a +3 long sword of freezing
              (4 damage)
             ... on level 4 of the Dungeon.
             The game lasted 00:00:39 (1083 turns).

Flugslaktarn the Chopper (Minotaur Fighter)         Turns: 1083, Time: 00:00:39

Health: -1/47      AC:  9    Str: 21    XL:     5   Next: 73%
Magic:  4/4        EV:  5    Int:  5    God:
Gold:   55         SH: 14    Dex: 10    Spells: 4/4 levels left

rFire    + + .     SeeInvis .   a - +0 war axe
rCold    x . .     Gourm    .   k - +0 tower shield
rNeg     . . .     Faith    .   g - +0 fire dragon scales
rPois    .         Spirit   .   (helmet restricted)
rElec    .         Reflect  .   (no cloak)
rCorr    .         Harm     .   (no gloves)
MR       .....                  (no boots)
Stlth    ..........             (no amulet)
HPRegen  0.15/turn              (no ring)
MPRegen  0.09/turn              (no ring)

@: lethally poisoned (-1 -> -2), heavily drained
A: retaliatory headbutt, horns 2
a: no special abilities


You were on level 4 of the Dungeon.
You were not hungry.

You visited 1 branch of the dungeon, and saw 4 of its levels.

You collected 55 gold pieces.

Inventory:

Hand Weapons
 a - a +0 war axe (weapon)
Armour
 b - a +0 scale mail
 c - a +0 kite shield
 g - +0 fire dragon scales (worn)
   (You found it on level 2 of the Dungeon)
 k - a +0 tower shield (worn)
   (You found it on level 2 of the Dungeon)
Scrolls
 f - a scroll of magic mapping {unknown}
 i - a scroll of teleportation {unknown}
 j - 3 scrolls of identify {unknown}
Potions
 d - 2 potions of might
 l - a potion of stabbing {unknown}
Comestibles
 e - 3 rations
 h - 2 chunks of flesh


   Skills:
 + Level 4.7(3.5) Fighting
 * Level 5.0(3.8) Axes
 + Level 4.7(3.5) Armour
 + Level 4.8(3.6) Shields


You had 4 spell levels left.
You didn't know any spells.
Your spell library was empty.

Dungeon Overview and Level Annotations

Branches:
Dungeon (4/15)
 Temple: D:4-7

Altars:


Innate Abilities, Weirdness & Mutations

You reflexively headbutt those who attack you in melee.
You have a pair of horns on your head.


Message History

You hit the wight but do no damage. The adder bites you but does no damage.
You block the orc's attack. You block the wight's attack.
The adder barely misses you.
The wight hits you with a +3 long sword of freezing.
You feel drained. The wight freezes you. The orc hits you with a +0 hand axe.
The adder barely misses you.
You closely miss the adder.
The adder is moderately wounded.
Your shield and fire dragon scales prevent you from hitting the wight.
You hit the wight but do no damage. You hit the orc.
You feel sick. The wight hits you with a +0 scimitar!
* * * LOW HITPOINT WARNING * * *
You feel drained.
* * * LOW HITPOINT WARNING * * *
You block the wight's attack. You block the adder's attack.
The orc barely misses you. The wight hits you with a +0 scimitar.
* * * LOW HITPOINT WARNING * * *
You feel drained.
The wight hits you with a +3 long sword of freezing.
You die...

#.## ##...##
#..... # #....
#.# # #...
....
#..###..#.....
#....z)z.$....
###@S...... #
#...o......
#.##)###.....#
#...)# ......
####<# ...[#
#..........
###.###..##
... ..# #.#


You could see 2 wights, an adder and an orc.

Vanquished Creatures
  3 wights (D:4)
  A worker ant (D:4)
  Robin (D:2)
  2 adders (D:3)
  2 worms (D:3)
  A dart slug (D:1)
  A leopard gecko (D:2)
  7 orcs (D:3)
  A bat (D:3)
  12 goblins
  2 hobgoblins
  A ball python (D:1)
  9 frilled lizards (D:2)
  2 kobolds
  A quokka skeleton (D:4)
  6 rats
52 creatures vanquished.

Notes
Turn   | Place    | Note
-------+----------+-------------------------------------------
     0 | D:1      | Flugslaktarn the Minotaur Fighter began the quest for the
                  | Orb.
     0 | D:1      | Reached XP level 1. HP: 19/19 MP: 0/0
   232 | D:2      | Noticed Robin
   234 | D:2      | Reached XP level 2. HP: 27/27 MP: 1/1
   237 | D:2      | Reached skill level 3 in Axes
   245 | D:2      | Killed Robin
   253 | D:2      | Reached XP level 3. HP: 22/33 MP: 2/2
   699 | D:2      | Found a faded altar of an unknown god.
   790 | D:3      | Reached XP level 4. HP: 32/40 MP: 3/3
   998 | D:3      | Reached skill level 4 in Axes
  1038 | D:4      | Reached XP level 5. HP: 42/47 MP: 4/4
  1081 | D:4      | Reached skill level 5 in Axes
  1083 | D:4      | Slain by a wight

Illustrated notes

Levels and vault maps discovered:
D:1:      psy_arrival_basics, layout_loops_ring, okawaru_ov_weapons_minmay
D:2:      layout_loops_ring, chequers_ecumenical_altar_island,
          minmay_lizard_king, uniq_robin, uniq_natasha
D:3:      layout_loops_cross, uniq_grinder
D:4:      layout_loops_ring, overflow_temple_1_default, fedhas_altar_3,
          nicolae_overflow_hidden_temple, ebering_ghost_reflecting_pool,
          serial_shops, shop

Skill      XL: |  1  2  3  4  5 |
---------------+----------------+-----
Axes           | 3 4 5 |  5.0
Shields        | 4 |  4.8
Fighting       | 4 |  4.7
Armour         | 4 |  4.7

Action                   |  1- 3 |  4- 6 || total
-------------------------+-------+-------++-------
Melee: War axe           |    89 |    34 ||   123
       Headbutt          |    11 |     4 ||    15
  Eat: Chunk             |       |     1 ||     1
Armor: Scale mail        |     8 |       ||     8
       Fire dragon scale |    36 |    12 ||    48
Dodge: Dodged            |    28 |     9 ||    37
Block: Kite shield       |    34 |       ||    34
       Tower shield      |    32 |    37 ||    69

Table legend:
 A = Non-vault XP
 B = Vault XP
 C = Vault XP percentage of total XP
 D = Non-vault monster count
 E = Vault monster count
 F = Vault count percentage of total count
                 A         B        C        D         E       F
            +---------+---------+-------+---------+---------+-------
      Total |     287 |      45 |  13.6 |      31 |      21 |  40.4
            +---------+---------+-------+---------+---------+-------
        D:1 |       7 |       0 |   0.0 |       4 |       0 |   0.0
        D:2 |       5 |      45 |  90.0 |       4 |      21 |  84.0
        D:3 |      69 |       0 |   0.0 |      18 |       0 |   0.0
        D:4 |     206 |       0 |   0.0 |       5 |       0 |   0.0
            +---------+---------+-------+---------+---------+-------
